 Dungeon Crawl Stone Soup version 0.20.1-1-g8b1a95d (webtiles) character file.

2051 cotteux the Cleaver (level 9, -5/79 HPs)
             Began as a Minotaur Berserker on Feb 19, 2019.
             Was an Elder of Trog.
             Slain by a centaur (7 damage)
             ... on level 8 of the Dungeon.
             The game lasted 00:04:18 (5759 turns).

cotteux the Cleaver (Minotaur Berserker)            Turns: 5759, Time: 00:04:19

Health: -5/79      AC: 10    Str: 25    XL:     9   Next: 4%
Magic:  8/8        EV:  9    Int:  4    God:    Trog [****..]
Gold:   98         SH: 11    Dex: 10    Spells: 8/8 levels left

rFire    . . .     SeeInvis .   Y - +2 hand axe
rCold    . . .     Gourm    .   b - +0 shield
rNeg     . . .     Faith    .   l - +0 scale mail
rPois    .         Spirit   .   (helmet restricted)
rElec    .         Reflect  .   (no cloak)
rCorr    .         Harm     .   a - +1 pair of gloves
MR       +....                  f - +0 pair of boots
Stlth    ..........             (no amulet)
Regen    0.3/turn               h - ring of protection from magic
MPRegen  0.2/turn               (no ring)

@: lethally poisoned (-5 -> -7), berserk cooldown, slowed, very slow
A: retaliatory headbutt, horns 2
a: Berserk, Trog's Hand, Brothers in Arms, Burn Spellbooks, Renounce Religion


You were on level 8 of the Dungeon.
You worshipped Trog.
Trog was greatly pleased with you.
You were not hungry.

You visited 1 branch of the dungeon, and saw 8 of its levels.

You collected 354 gold pieces.
You spent 256 gold pieces at shops.


Innate Abilities, Weirdness & Mutations

You reflexively headbutt those who attack you in melee.
You have a pair of horns on your head.


   Skills:
 - Level 7.0 Fighting
 - Level 11.1 Axes
 - Level 3.0 Armour
 - Level 2.1 Dodging
 + Level 6.8 Shields


You had 8 spell levels left.
You didn't know any spells.

Inventory:

Hand Weapons
 t - a +0 morningstar
 Y - a +2 hand axe (weapon)
Armour
 a - a +1 pair of gloves (worn)
 b - a +0 shield (worn)
 f - a +0 pair of boots (worn)
 l - a +0 scale mail (worn)
Jewellery
 h - a ring of protection from magic (left hand)
 p - a cursed ring of teleportation {unknown}
Wands
 d - a wand of disintegration (7/24)
 q - a wand of digging (15/24)
Scrolls
 n - a scroll of remove curse
 o - 2 scrolls of teleportation
Potions
 g - a potion of ambrosia {unknown}
 i - a potion of heal wounds {unknown}
 m - a potion of haste {unknown}
 s - a potion of brilliance {unknown}
Comestibles
 c - 5 bread rations
 e - 7 fruits
 k - 4 royal jellies
 u - 3 chunks of flesh

Dungeon Overview and Level Annotations

Branches:
Dungeon (8/15)             Temple (0/1) D:7
   Lair: D:8-11

Altars:
Ashenzari
Cheibriados
Elyvilon
Fedhas
Gozag
Qazlal
Ru
Sif Muna
Uskayaw
The Shining One

Shops:
D:6 *


Message History

You feel sick. The killer bee closely misses you. You furiously retaliate!
You headbutt the killer bee. You block the bullfrog's attack.
The killer bee stings you but does no damage.
You block the bullfrog's attack.
You slash the killer bee! You headbutt the killer bee.
You kill the killer bee!
Trog accepts your kill.
You completely miss the bullfrog.
You feel sick.
The centaur shoots an arrow.
You block the arrow. You block the bullfrog's attack.
The centaur shoots an arrow.
The arrow hits you.
The bullfrog hits you but does no damage.
You feel sick.
The centaur unwields an uncursed shortbow.
You block the centaur's attack. You block the bullfrog's attack.
The centaur barely misses you. You furiously retaliate!
You headbutt the centaur.
The bullfrog hits you but does no damage.
There is a stone staircase leading up here.
The centaur hits you!
You die...

### #... ...##
#..### .#
##@(#.).# #
#cF..#
#.####y####
#...oyy#
##..##%)......
#<......$.....
#.........#...
...............
..#[.......##(.


You could see a bullfrog, a centaur and 3 killer bees.

Vanquished Creatures
  Sigmund (D:6)
  Duvessa (D:5)
  A black bear (D:6)
  2 ogres (D:8)
  A centaur (D:7)
  A bullfrog (D:8)
  A gnoll sergeant (D:7)
  Dowan (D:5)
  2 killer bees (D:8)
  5 wights
  3 crimson imps
  A centaur zombie (D:5)
  2 orc priests
  A bullfrog skeleton (D:4)
  3 orc wizards
  3 centaur skeletons
  An iguana (D:8)
  2 worker ants (D:6)
  A hound skeleton (D:7)
  8 gnolls
  4 adders
  A shadow imp (D:5)
  2 adder skeletons
  An adder zombie (D:5)
  3 worms
  3 dart slugs
  2 leopard geckos
  18 orcs
  5 giant cockroaches
  3 goblins
  8 hobgoblins
  12 jackals
  3 quokkas
  4 ball pythons
  6 bats
  3 frilled lizards
  10 kobolds
  A leopard gecko skeleton (D:5)
  7 rats
137 creatures vanquished.

Notes
Turn   | Place    | Note
-------+----------+-------------------------------------------
     0 | D:1      | cotteux the Minotaur Berserker began the quest for the Orb.
     0 | D:1      | Reached XP level 1. HP: 19/19 MP: 0/0
     0 | D:1      | 0 ||| counter = 305
   322 | D:1      | Reached skill level 4 in Axes
   409 | D:1      | Reached XP level 2. HP: 26/26 MP: 1/1
   554 | D:1      | 554 ||| INVOKING Berserk.
   566 | D:1      | 566 ||| INVOKING Berserk.
   566 | D:1      | HP: 6/26 [hobgoblin/club (6)]
   827 | D:1      | Reached ** piety under Trog
   846 | D:1      | Reached skill level 5 in Axes
  1329 | D:1      | 1329 ||| UPGRADING to pair of boots.
  1334 | D:1      | 1334 ||| UPGRADING to scale mail.
  1344 | D:1      | 1344 ||| DROPPING +0 animal skin.
  1345 | D:1      | 1345 ||| READING scroll labeled BUALIRYOPS.
  1415 | D:2      | Found a snail-covered altar of Cheibriados.
  1417 | D:2      | Reached XP level 3. HP: 31/31 MP: 2/2
  1555 | D:2      | Found a sacrificial altar of Ru.
  1648 | D:2      | 1648 ||| INVOKING Berserk.
  1778 | D:2      | Reached XP level 4. HP: 37/39 MP: 3/3
  1783 | D:2      | Reached skill level 6 in Axes
  1799 | D:2      | Found a faded altar of an unknown god.
  1875 | D:2      | 1875 ||| READING scroll labeled ZIYQOAMO WYOXT.
  1878 | D:2      | 1878 ||| READING scroll labeled BUIFUEPREN.
  1879 | D:2      | 1879 ||| DRINKING 3 smoky white potions.
  1880 | D:2      | 1880 ||| DROPPING 2 potions of agility.
  1917 | D:3      | Found a shattered altar of Ashenzari.
  2111 | D:3      | 2111 ||| DROPPING club.
  2240 | D:3      | Noticed a hand axe
  2241 | D:3      | Found a hide-covered altar of Uskayaw.
  2242 | D:3      | Noticed a hand axe
  2271 | D:3      | 2271 ||| UPGRADING to whip.
  2272 | D:3      | 2272 ||| SWAPPING to +0 hand axe.
  2369 | D:3      | 2369 ||| READING scroll labeled LAUPIT QYALO.
  2370 | D:3      | 2370 ||| READING scroll labeled SUSMEI BAASCH.
  2371 | D:3      | 2371 ||| READING scroll of identify.
  2371 | D:3      | 2371 ||| IDENTIFYING scratched gilded ring
  2372 | D:3      | 2372 ||| UPGRADING to ring of protection from magic.
  2416 | D:4      | 2416 ||| INVOKING Burn Spellbooks.
  2486 | D:4      | Found a stormy altar of Qazlal.
  2689 | D:4      | Found a blossoming altar of Fedhas.
  2831 | D:4      | Reached XP level 5. HP: 42/45 MP: 4/4
  2835 | D:4      | Reached *** piety under Trog
  3007 | D:4      | 3007 ||| READING scroll labeled UCA ETZESHOBU.
  3008 | D:4      | 3008 ||| READING scroll labeled DICHIV NUTUMP.
  3009 | D:4      | 3009 ||| DRINKING 2 fizzy grey potions.
  3010 | D:4      | 3010 ||| DROPPING potion of degeneration.
  3013 | D:5      | Entered Level 5 of the Dungeon
  3013 | D:5      | Noticed Duvessa
  3013 | D:5      | Noticed Dowan
  3015 | D:5      | 3015 ||| INVOKING Berserk.
  3017 | D:5      | Killed Dowan
  3017 | D:5      | Reached skill level 7 in Axes
  3031 | D:5      | Killed Duvessa
  3031 | D:5      | Reached XP level 6. HP: 27/56 MP: 5/5
  3039 | D:5      | 3039 ||| INVOKING Berserk.
  3245 | D:5      | 3245 ||| UPGRADING to flail.
  3246 | D:5      | 3246 ||| SWAPPING to +0 hand axe.
  3247 | D:5      | 3247 ||| DROPPING +0 whip.
  3309 | D:5      | Reached skill level 8 in Axes
  3343 | D:5      | 3343 ||| INVOKING Berserk.
  3550 | D:5      | 3550 ||| INVOKING Berserk.
  3643 | D:5      | Reached XP level 7. HP: 51/61 MP: 6/6
  4059 | D:5      | Found a deep blue altar of Sif Muna.
  4192 | D:6      | Reached skill level 9 in Axes
  4562 | D:6      | Noticed Sigmund
  4565 | D:6      | 4565 ||| INVOKING Berserk.
  4569 | D:6      | Killed Sigmund
  4569 | D:6      | Reached skill level 10 in Axes
  4570 | D:6      | 4570 ||| EATING 13 fruits.
  4602 | D:6      | 4602 ||| EATING 12 fruits.
  4610 | D:6      | Found Guxtuhomyt's Assorted Antiques.
  4617 | D:6      | Bought a pair of runed gloves for 142 gold pieces
  4617 | D:6      | Bought a curved iron wand for 76 gold pieces
  4617 | D:6      | Bought a scroll labeled IMEEHU QILL for 19 gold pieces
  4617 | D:6      | 4617 ||| SHOPLISTING scroll of identify (38 gold, have 23).
  4617 | D:6      | Bought a scroll labeled ZUTSAKHL ETUU for 19 gold pieces
  4617 | D:6      | 4617 ||| SHOPLISTING scroll of remove curse (57 gold, have 4).
  4617 | D:6      | 4617 ||| SHOPLISTING copper ring (95 gold, have 4).
  4665 | D:6      | 4665 ||| INVOKING Berserk.
  4780 | D:6      | 4780 ||| EATING 11 fruits.
  4792 | D:6      | Reached skill level 6 in Fighting
  4800 | D:6      | Reached skill level 3 in Armour
  4800 | D:6      | Reached XP level 8. HP: 57/70 MP: 7/7
  4839 | D:6      | 4839 ||| DROPPING +0 flail.
  4840 | D:6      | 4840 ||| UPGRADING to morningstar.
  4841 | D:6      | 4841 ||| SWAPPING to +0 hand axe.
  4870 | D:6      | 4870 ||| UPGRADING to pair of runed gloves.
  4875 | D:6      | 4875 ||| EATING 10 fruits.
  4876 | D:6      | 4876 ||| READING scroll labeled ZEBIMI BIKHY.
  4877 | D:6      | 4877 ||| READING scroll labeled IMEEHU QILL.
  4878 | D:6      | 4878 ||| READING scroll labeled ZUTSAKHL ETUU.
  4879 | D:6      | 4879 ||| DRINKING 2 metallic ruby potions.
  4895 | D:6      | 4895 ||| DROPPING potion of lignification.
  4896 | D:6      | 4896 ||| DROPPING wand of scattershot (?/9).
  4946 | D:7      | 4946 ||| INVOKING Berserk.
  4992 | D:7      | 4992 ||| EATING 9 fruits.
  5027 | D:7      | Reached **** piety under Trog
  5119 | D:7      | Reached skill level 11 in Axes
  5159 | D:7      | 5159 ||| READING scroll of enchant weapon.
  5159 | D:7      | 5159 ||| ENCHANTING +1 hand axe.
  5198 | D:7      | Found a white marble altar of Elyvilon.
  5249 | D:7      | Found an opulent altar of Gozag.
  5389 | D:7      | Found a staircase to the Ecumenical Temple.
  5405 | D:7      | 5405 ||| EATING 8 fruits.
  5443 | D:7      | 5443 ||| INVOKING Berserk.
  5489 | D:7      | Found a glowing golden altar of the Shining One.
  5635 | D:7      | 5635 ||| UPGRADING to shield.
  5640 | D:7      | 5640 ||| UPGRADING to glowing leather armour.
  5650 | D:7      | 5650 ||| READING 2 scrolls of remove curse.
  5651 | D:7      | 5651 ||| UPGRADING to +0 scale mail.
  5661 | D:7      | 5661 ||| DROPPING +0 leather armour.
  5662 | D:7      | 5662 ||| READING 2 scrolls labeled GERAHA KODGHEE.
  5663 | D:7      | 5663 ||| DROPPING scroll of amnesia.
  5686 | D:8      | 5686 ||| STAIRDANCE
  5696 | D:8      | 5696 ||| STAIRDANCE
  5718 | D:8      | Reached skill level 1 in Shields
  5732 | D:8      | 5732 ||| INVOKING Berserk.
  5734 | D:8      | Reached skill level 6 in Shields
  5740 | D:8      | Reached XP level 9. HP: 71/79 MP: 8/8
  5745 | D:8      | 5745 ||| INVOKING Berserk.
  5752 | D:8      | HP: 19/79 [poisoned by a killer bee]
  5756 | D:8      | HP: 9/79 [poisoned by a killer bee]
  5757 | D:8      | HP: 2/79 [centaur/arrow (6)]
  5759 | D:8      | Slain by a centaur

Vault maps used:
D:1:      dpeg_arrival_circle_labyrinth_c
D:2:      lemuel_doored_altar, chequers_ecumenical_altar_simple,
          cheibriados_altar_1
D:3:      ashenzari_altar_1, dancing_weapons_uskayaw, nrook_mini_backslash,
          minivault_25
D:4:      kennysheep_mini, grunt_qazlal_sundering
D:5:      lemuel_blue_sif_altar, first_bread, minmay_misc_feat_four_crosses,
          uniq_duvessa
D:6:      serial_shops, shop, uniq_sigmund
D:7:      nicolae_gozag_seed_capital, elyvilon_altar_1,
          nicolae_overflow_hidden_temple, minmay_temple_entry_glass
D:8:      grunt_temple_overflow_order_and_chaos_2, serial_shops,
          nicolae_shop_crystal

Skill      XL: |  1  2  3  4  5  6  7  8 |
---------------+-------------------------+-----
Axes           | 4 5 6 7 8 10 11 | 11.1
Fighting       | 5 6 7 |  7.0
Armour         | 3 |  3.0
Shields        | 6 |  6.8
Dodging        | |  2.1

Action                   |  1- 3 |  4- 6 |  7- 9 || total
-------------------------+-------+-------+-------++-------
Melee: Hand axe          |    87 |   114 |   152 ||   353
       Headbutt          |    14 |    20 |    41 ||    75
Invok: Berserk           |     2 |     3 |     5 ||    10
       Burn Spellbooks   |       |     1 |       ||     1
  Use: Scroll            |     1 |     7 |     6 ||    14
       Potion            |       |     2 |     1 ||     3
  Eat: Chunk             |     4 |     9 |     6 ||    19
       Fruit             |       |       |     6 ||     6
Armor: Animal skin       |    11 |       |       ||    11
       Scale mail        |    14 |    28 |    63 ||   105
Dodge: Dodged            |    45 |    33 |    63 ||   141
Block: Shield            |       |       |    27 ||    27
